 Dungeon Crawl Stone Soup version 0.16.1-14-g82efdee (webtiles) character file.

3362 karlm the Arsonist (level 10, 0/94 HPs)
             Began as a Naga Wizard on Apr 11, 2015.
             Was an Initiate of Vehumet.
             Slain by a giant frog (3 damage)
             ... on level 8 of the Dungeon.
             The game lasted 00:43:51 (15422 turns).

karlm the Arsonist (Naga Wizard)                   Turns: 15422, Time: 00:43:52

Health: 0/94       AC: 14    Str:  9    XL:     10   Next: 3%
Magic:  6/18       EV:  9    Int: 22    God:    Vehumet [......]
Gold:   310        SH:  0    Dex: 10    Spells: 5 memorised, 4 levels left

rFire  . . .     SeeInvis +     N - +2 flail (protect)
rCold  + . .     Clarity  .     a - +0 robe
rNeg   . . .     SustAb   .     (no shield)
rPois  +         Gourm    .     B - +0 helmet
rElec  .         Spirit   .     t - +2 cloak
rCorr  .         Warding  .     K - +0 pair of gloves
rMut   .         Stasis   .     (no barding)
MR     ++...                    (no amulet)
Stlth  ++........               (no ring)
                                (no ring)

@: very slightly contaminated, drained, very slow, very resistant to hostile
enchantments, unstealthy
A: spit poison, fangs 1, see invisible, cold resistance 1, deformed body, magic
resistance 1, poison resistance, slowness 2, AC +3
a: Spit Poison, Renounce Religion


You were on level 8 of the Dungeon.
You worshipped Vehumet.
Vehumet was noncommittal.
You were hungry.

You visited 2 branches of the dungeon, and saw 9 of its levels.

You collected 310 gold pieces.

Inventory:

Hand weapons
 g - a +3 whip of pain
 j - a +0 spear
 L - a +0 blowgun
 N - a +2 flail of protection (weapon)
 P - a +2 falchion of slicing
 R - a +2 long sword of holy wrath
Missiles
 f - 242 stones (quivered)
 i - 79 poisoned needles
 r - 2 tomahawks
 z - 5 javelins
Armour
 a - a +0 robe (worn)
 l - a +0 shield
 t - a +2 cloak (worn)
 B - a +0 helmet (worn)
 K - a +0 pair of gloves (worn)
Jewellery
 A - an uncursed amulet of stasis {unknown}
 H - an uncursed ring of protection from magic {unknown}
 S - an uncursed amulet of faith {unknown}
Magical devices
 o - a wand of magic darts (25)
 y - a wand of random effects (33)
 V - a wand of disintegration (14)
Scrolls
 b - a scroll of amnesia {unknown}
 u - 3 scrolls of enchant armour {unknown}
 v - a scroll of teleportation
 w - 5 scrolls of identify {unknown}
 C - 5 scrolls of remove curse {unknown}
 M - a scroll of blinking {unknown}
 Q - a scroll of fear {unknown}
 U - a scroll of vulnerability {unknown}
Potions
 e - 2 potions of cancellation
 h - 3 potions of poison {unknown}
 k - 3 potions of curing {unknown}
 p - a potion of restore abilities
 F - a potion of lignification {unknown}
 G - a potion of beneficial mutation {unknown}
 I - a potion of might {unknown}
 J - a potion of flight
 T - a potion of berserk rage {unknown}
Books
 c - a book of Minor Magic

   Spells                             Type                      Level
   a - Magic Dart                     Conjuration                  1
   b - Blink                          Translocation                2
   c - Call Imp                       Summoning                    2
   d - Repel Missiles                 Charms/Air                   2
   e - Slow                           Hexes                        2
   f - Conjure Flame                  Conjuration/Fire             3
   g - Mephitic Cloud                 Conjuration/Poison/Air       3
 n - a book of Control

   Spells                             Type                      Level
   a - Control Teleport               Charms/Translocation         4
   b - Control Undead                 Necromancy                   4
   c - Enslavement                    Hexes                        4
   d - Metabolic Englaciation         Hexes/Ice                    5
   e - Mass Confusion                 Hexes                        6
 E - a book of Battle

   Spells                             Type                      Level
   a - Infusion                       Charms                       1
   b - Shroud of Golubria             Charms/Translocation         2
   c - Song of Slaying                Charms                       2
   d - Spectral Weapon                Hexes/Charms                 3
   e - Regeneration                   Charms/Necromancy            3
 O - a book of Fire

   Spells                             Type                      Level
   a - Ignite Poison                  Fire/Transmutation           5
   b - Fireball                       Conjuration/Fire             5
   c - Bolt of Fire                   Conjuration/Fire             6
   d - Delayed Fireball               Conjuration/Fire             7
   e - Ring of Flames                 Charms/Fire                  7
Comestibles
 d - 4 bread rations
 m - 10 fruits
 q - 4 beef jerkies
 x - 2 slices of pizza
 D - a meat ration


   Skills:
 + Level 7.0(6.4) Fighting
 - Level 1.5(1.0) Dodging
 - Level 3.0(2.4) Stealth
 - Level 3.0(2.4) Spellcasting
 + Level 7.9(7.3) Conjurations
 - Level 1.0(0.5) Summonings
   Level 1.0(0.5) Translocations
 + Level 8.9(8.2) Fire Magic


You had 4 spell levels left.
You knew the following spells:

 Your Spells              Type           Power        Failure   Level  Hunger
a - Magic Dart            Conj           ####         1%          1    None
b - Call Imp              Summ           #.......     17%         2    ##.....
c - Conjure Flame         Conj/Fire      #####...     1%          3    ###....
d - Mephitic Cloud        Conj/Pois/Air  ##......     14%         3    ###....
e - Repel Missiles        Chrm/Air       #.....       21%         2    ##.....


Dungeon Overview and Level Annotations

Branches:
Dungeon (8/15)             Temple (1/1) D:7            Lair (0/8) D:8

Altars:
Ashenzari
Dithmenos
Elyvilon
Fedhas
Gozag
Kikubaaqudgha
Makhleb
Nemelex Xobeh
Okawaru
Qazlal
Ru
Sif Muna
Trog
Vehumet
Xom
Yredelemnul
Zin
The Shining One

Annotations:
D:7 Menkaure


Innate Abilities, Weirdness & Mutations

You cannot wear boots.
You can spit poison.
Your serpentine skin is tough (AC +3).
You have supernaturally acute eyesight.
Armour fits poorly on your strangely shaped body.
Your system is resistant to poisons.
You cover ground very slowly.
You have very sharp teeth.
Your flesh is cold resistant.
You are resistant to hostile enchantments.


Message History

* * * LOW HITPOINT WARNING * * *
You see here 2 arrows.
The centaur shoots an arrow.
The arrow barely misses you. The giant frog barely misses you.
The centaur shoots an arrow.
The arrow hits you but does no damage.
The centaur shoots an arrow.
The arrow closely misses you. The giant frog hits you.
* * * LOW HITPOINT WARNING * * *
A rat comes into view.
You see here an arrow.
The centaur shoots an arrow.
The arrow hits you but does no damage.
The centaur shoots an arrow.
The arrow hits you!
* * * LOW HITPOINT WARNING * * *
The wight closely misses you.
The centaur shoots an arrow.
The arrow closely misses you. The giant frog barely misses you.
You see here 3 arrows.
A rat comes into view.
The centaur shoots an arrow.
The arrow hits you!
* * * LOW HITPOINT WARNING * * *
The giant frog hits you.
You die...

..# ##...#...###.. ..##
##...#.....#...# ...#
#...#.........# ...#
##..#..(.......##
...####.......(.......#
...............(......##
.............(.zz....r.##
z.....###.....##F...c...#
##.....###...###@.r.##...
#..##...###.## #.........
#..###..# #.. #........
#..# #..... .........
..## #... ......... .. ..
........> .. ........ ..
.....r.. # ...


You could see a giant frog, a centaur, 2 wights, a river rat and 2 rats.

Vanquished Creatures
  The ghost of Vojta the Magician, an experienced GrWz of Vehumet (D:8)
  Edmund (D:7)
  An orc warrior (D:6)
  A sky beast (D:6)
  4 black bears
  A centaur (D:6)
  2 ogres (D:6)
  2 phantoms
  2 giant frogs (D:6)
  3 jellies
  2 scorpions (D:6)
  7 killer bees
  A wight (D:8)
  3 crimson imps
  A hound (D:5)
  5 orc wizards
  5 worker ants
  A hound skeleton (D:7)
  7 adders
  A white imp (D:6)
  A worm (D:4)
  5 giant geckos
  20 orcs
  Natasha (D:3)
  11 bats
  4 giant cockroaches
  13 hobgoblins
  13 jackals
  A quokka (D:5)
  3 ball pythons
  8 giant newts
  A giant spore (D:7)
  9 goblins
  21 kobolds
  A quokka skeleton (D:5)
  13 rats
  5 ballistomycetes
  3 toadstools (D:1)
184 creatures vanquished.

Vanquished Creatures (collateral kills)
  A hippogriff (D:7)
  A water moccasin (D:6)
  A sky beast (D:7)
  A centaur (D:7)
  Sigmund (D:2)
  A jelly (D:4)
  A scorpion (D:4)
  A killer bee (D:4)
  4 orc wizards
  An orc priest (D:2)
  Natasha (twice) (D:3)
  2 worker ants
  Jessica (D:2)
  An adder (D:2)
  An adder skeleton (D:5)
  A giant gecko (D:4)
  An ooze (D:3)
  6 orcs
  A hobgoblin (D:2)
  3 jackals (D:1)
  2 quokkas
  2 kobolds
  2 rats (D:2)
38 creatures vanquished.

Vanquished Creatures (others)
  4 crimson imps
  An iron imp (D:4)
  4 shadow imps
  10 white imps
  2 giant spores (D:6)
  4 toadstools (D:1)
25 creatures vanquished.

Grand Total: 247 creatures vanquished

Notes
Turn   | Place    | Note
--------------------------------------------------------------
     0 | D:1      | karlm, the Naga Wizard, began the quest for the Orb.
     0 | D:1      | Reached XP level 1. HP: 15/15 MP: 4/4
   310 | D:1      | Reached XP level 2. HP: 22/22 MP: 3/6
   331 | D:1      | Learned a level 2 spell: Call Imp
   800 | D:1      | Reached XP level 3. HP: 28/28 MP: 5/7
   805 | D:1      | Learned a level 3 spell: Conjure Flame
  1179 | D:2      | Reached skill level 1 in Fire Magic
  1282 | D:2      | Found an iron altar of Okawaru.
  1535 | D:2      | Noticed Jessica
  1540 | D:2      | Killed Jessica
  1540 | D:2      | Reached XP level 4. HP: 29/36 MP: 1/9
  1749 | D:2      | Noticed Sigmund
  1763 | D:2      | Killed Sigmund
  2157 | D:2      | Found a deep blue altar of Sif Muna.
  2167 | D:2      | Found a basalt altar of Yredelemnul.
  2174 | D:2      | Found a glowing golden altar of the Shining One.
  2174 | D:2      | Found a shattered altar of Ashenzari.
  2398 | D:3      | Reached XP level 5. HP: 37/42 MP: 1/11
  2613 | D:3      | Noticed Natasha
  2621 | D:3      | Learned a level 3 spell: Mephitic Cloud
  2634 | D:3      | Killed Natasha
  2839 | D:3      | Noticed a phantom
  2893 | D:3      | Reached skill level 4 in Fire Magic
  4214 | D:3      | HP: 2/42 [phantom (4)]
  5127 | D:2      | Reached XP level 6. HP: 38/49 MP: 5/12
  5209 | D:3      | Noticed Natasha
  5210 | D:3      | Killed Natasha
  5272 | D:3      | Found a blossoming altar of Fedhas.
  5296 | D:3      | Noticed Natasha
  5304 | D:3      | Killed Natasha
  5441 | D:4      | Learned a level 2 spell: Repel Missiles
  5698 | D:4      | Reached skill level 5 in Fire Magic
  5976 | D:4      | Gained mutation: Your flesh is cold resistant. [potion of mutation]
  5976 | D:4      | Gained mutation: You are resistant to hostile enchantments. [potion of mutation]
  5976 | D:4      | Gained mutation: You have very sharp teeth. [potion of mutation]
  5976 | D:4      | HP: 2/49 [poisoned by a killer bee]
  6564 | D:4      | Reached skill level 1 in Fighting
  6881 | D:4      | Reached XP level 7. HP: 57/57 MP: 9/14
  7389 | D:4      | Found a glowing silver altar of Zin.
  8579 | D:4      | Reached skill level 6 in Fire Magic
  9023 | D:5      | Entered Level 5 of the Dungeon
  9104 | D:5      | Found a shadowy altar of Dithmenos.
  9760 | D:5      | Reached XP level 8. HP: 55/69 MP: 1/16
  9930 | D:5      | Reached skill level 5 in Conjurations
 10552 | D:6      | Found a bloodstained altar of Trog.
 11890 | D:6      | Reached skill level 7 in Fire Magic
 12532 | D:6      | Reached skill level 5 in Fighting
 12704 | D:6      | Reached XP level 9. HP: 81/81 MP: 8/17
 13517 | D:7      | Reached skill level 8 in Fire Magic
 13981 | D:7      | Found a staircase to the Ecumenical Temple.
 14007 | Temple   | Entered the Ecumenical Temple
 14177 | Temple   | Became a worshipper of Vehumet
 14296 | D:7      | Noticed Edmund
 14321 | D:7      | Killed Edmund
 14420 | D:7      | Noticed Menkaure
 15269 | D:8      | Noticed Vojta's ghost (experienced GrWz)
 15277 | D:8      | Killed Vojta's ghost
 15277 | D:8      | Reached XP level 10. HP: 80/92 MP: 6/18
 15422 | D:8      | Found a staircase to the Lair.
 15422 | D:8      | HP: 3/94 [centaur/arrow (11)]
 15422 | D:8      | Slain by a giant frog

Action                   |  1- 3 |  4- 6 |  7- 9 | 10-12 || total
-------------------------+-------+-------+-------+-------++-------
Melee: Unarmed           |     8 |       |       |       ||     8
       Short sword       |     7 |       |       |       ||     7
       Whip              |    20 |   106 |   100 |       ||   226
       Spear             |       |    49 |    25 |       ||    74
       Flail             |       |       |    69 |    15 ||    84
 Fire: Blowgun           |       |       |    50 |       ||    50
 Cast: Magic Dart        |    35 |    39 |   240 |     6 ||   320
       Call Imp          |     6 |    76 |    90 |     2 ||   174
       Conjure Flame     |       |    13 |    24 |     2 ||    39
       Mephitic Cloud    |       |       |     6 |       ||     6
       Repel Missiles    |       |       |     1 |       ||     1
 Abil: Spit Poison       |    14 |     9 |    13 |       ||    36
  Use: Potion            |       |     5 |       |       ||     5
       Scroll            |       |       |     5 |       ||     5
 Stab: Sleeping          |     1 |     2 |       |       ||     3
       Distracted        |       |     1 |     2 |       ||     3
  Eat: Chunk             |     3 |    18 |    33 |       ||    54
       Meat ration       |       |     1 |       |       ||     1
